[Event "Late Titled Tuesday Blitz February 8 2022"]
[White "Beulen, Marcel"]
[Black "Al Hosani, Omran"]
[WhiteFideId "1001450"]
[BlackFideId "9308733"]
[WhiteElo "2355"]
[BlackElo "2246"]
[Result "0-1"]
[Round "03"]
[TimeControl "180+1"]
[Date "2022.02.09"]
[WhiteClock "0:01:51"]
[BlackClock "0:02:17"]

1. e4 c5 2. Nf3 Nc6 3. Bb5 g6 4. O-O Bg7 5. c3 e5 6. a3 Nge7 7. b4 d6 8. d3 O-O 9. Nbd2 h6 10. Bb2 Be6 11. d4 exd4 12. cxd4 cxd4 13. Nb3 Bg4 14. h3 Bxf3 15. Qxf3 a6 16. Bc4 Ne5 17. Qe2 Rc8 18. Rac1 Rxc4 19. Rxc4 d3 0-1


[Site "https://www.chess.com"]

[Event "Late Titled Tuesday Blitz February 8 2022"]
[White "Burke, Paul"]
[Black "Terletsky, Oleg"]
[WhiteFideId "2605767"]
[BlackFideId "14116774"]
[WhiteElo "1824"]
[BlackElo "2050"]
[Result "0-1"]
[Round "03"]
[TimeControl "180+1"]
[Date "2022.02.09"]
[WhiteClock "0:00:31"]
[BlackClock "0:00:55"]

1. e4 e5 2. Nf3 Nc6 3. Bc4 Nf6 4. d4 exd4 5. O-O Nxe4 6. Re1 d5 7. Bxd5 Qxd5 8. Nc3 Qa5 9. Nxe4 Be6 10. Neg5 O-O-O 11. Nxe6 fxe6 12. Bg5 Rd5 13. Bd2 Qb6 14. Qe2 e5 15. Qc4 Qc5 16. Qxc5 Bxc5 17. a3 a5 18. b4 Bd6 19. b5 Rxb5 20. a4 Rc5 21. Ng5 Rxc2 22. Nf7 Rf8 23. Nxd6+ cxd6 24. Red1 Kc7 25. Rac1 Rxc1 26. Rxc1 Kd7 27. Rb1 Rb8 28. Rb5 b6 29. Kf1 Na7 30. Rb1 Kc6 31. Rc1+ Kd7 32. Rb1 Rb7 33. Bxa5 Kc6 34. Bd2 Kd5 35. f3 b5 36. a5 Kc4 37. Ke2 b4 38. Rc1+ Kd5 39. Rb1 Nc6 40. a6 Ra7 41. Bxb4 Nxb4 42. Rxb4 Rxa6 43. Rb7 Ra2+ 44. Kf1 d3 45. Rb3 Kc4 46. Rb6 d5 0-1


[Site "https://www.chess.com"]

[Event "Late Titled Tuesday Blitz February 8 2022"]
[White "Calcada, Lucas Galvan"]
[Black "Martinez Reyes, Pedro Ramon"]
[WhiteFideId "22746099"]
[BlackFideId "3901807"]
[WhiteElo "1402"]
[BlackElo "2410"]
[Result "1-0"]
[Round "03"]
[TimeControl "180+1"]
[Date "2022.02.09"]
[WhiteClock "0:00:57"]
[BlackClock "0:00:48"]

1. e4 b6 2. d4 Bb7 3. Bd3 e6 4. c4 Nf6 5. Nc3 Bb4 6. Qc2 Nc6 7. Ne2 e5 8. d5 Nd4 9. Nxd4 exd4 10. a3 Bc5 11. Ne2 a5 12. b3 O-O 13. O-O Ng4 14. h3 Ne5 15. Bb2 d6 16. Nxd4 Bc8 17. Be2 f5 18. exf5 Bxd4 19. Bxd4 Bxf5 20. Qb2 Qg5 21. f4 Qg3 22. fxe5 Be4 23. Bg4 dxe5 24. Bxe5 Qe3+ 25. Kh1 h5 26. Be6+ Kh7 27. Bxg7 Rxf1+ 28. Rxf1 Rg8 29. Bxg8+ Kxg8 30. Kh2 h4 31. Be5 Bd3 32. Rf3 Qxe5+ 33. Qxe5 1-0


[Site "https://www.chess.com"]

[Event "Late Titled Tuesday Blitz February 8 2022"]
[White "Carbone, Diego"]
[Black "Mikhalsky, Vladimir"]
[WhiteFideId "3002179"]
[BlackFideId "14144352"]
[WhiteElo "2199"]
[BlackElo "2248"]
[Result "1-0"]
[Round "03"]
[TimeControl "180+1"]
[Date "2022.02.09"]
[WhiteClock "0:00:52"]
[BlackClock "0:00:30"]

1. d4 Nf6 2. c4 g6 3. g3 Bg7 4. Bg2 O-O 5. Nc3 d6 6. Nf3 Nbd7 7. O-O e5 8. e4 c6 9. h3 Qb6 10. Re1 Qb4 11. a3 Qxc4 12. Bf1 Qe6 13. b4 Nb6 14. b5 Bd7 15. bxc6 bxc6 16. dxe5 dxe5 17. a4 a5 18. Be3 Nc4 19. Bc5 Nb2 20. Qc2 Rfb8 21. Rab1 Qb3 22. Qc1 Be6 23. Nd2 Qb7 24. Nd1 Nd7 25. Bd6 Nxd1 26. Rxb7 Rxb7 27. Qxc6 Rb6 28. Qxa8+ Bf8 29. Bxf8 Nxf8 30. Rxd1 1-0


[Site "https://www.chess.com"]

[Event "Late Titled Tuesday Blitz February 8 2022"]
[White "Chabris, Christopher"]
[Black "Al-Tarboush, Ward"]
[WhiteFideId "2005263"]
[BlackFideId "7601450"]
[WhiteElo "2315"]
[BlackElo "2276"]
[Result "0-1"]
[Round "03"]
[TimeControl "180+1"]
[Date "2022.02.09"]
[WhiteClock "0:00:01"]
[BlackClock "0:00:21"]

1. e4 e6 2. d4 d5 3. Nc3 Nf6 4. e5 Nfd7 5. f4 c5 6. Nf3 Nc6 7. Be3 a6 8. Be2 b5 9. O-O cxd4 10. Nxd4 Bc5 11. Qd2 Qb6 12. Rad1 Bb7 13. a3 O-O 14. b4 Bxd4 15. Bxd4 Nxd4 16. Qxd4 Qxd4+ 17. Rxd4 Rac8 18. Rf3 Rc7 19. Bd3 Rxc3 20. Bxh7+ Kxh7 21. Rxc3 Rc8 22. Rdd3 Nb6 23. Rxc8 Bxc8 24. Kf2 Nc4 25. g4 g6 26. Kg3 Kg7 27. Kh4 Bb7 28. Kg5 Nb2 29. Rc3 Nc4 30. Rd3 d4 31. Rxd4 Nxa3 32. Rd7 Be4 33. h4 Nxc2 34. h5 gxh5 35. gxh5 Ne3 36. h6+ Kg8 37. Rd8+ Kh7 38. Rd7 Bg6 39. Ra7 Nd5 40. Rxa6 Nxb4 41. Rb6 Nd3 42. Rxb5 Nf2 43. Rb7 Ne4+ 44. Kg4 Bf5+ 45. Kh5 Bg6+ 46. Kg4 Kxh6 47. Rb8 Bf5+ 48. Kf3 Nc3 49. Rb7 Kg6 50. Ke3 Nd5+ 51. Kf3 Bc2 0-1


[Site "https://www.chess.com"]

[Event "Late Titled Tuesday Blitz February 8 2022"]
[White "Chernomordik, Pavel"]
[Black "Cupid, Kevin"]
[WhiteFideId "2804530"]
[BlackFideId "7700512"]
[WhiteElo "2249"]
[BlackElo "2096"]
[Result "0-1"]
[Round "03"]
[TimeControl "180+1"]
[Date "2022.02.09"]
[WhiteClock "0:00:18"]
[BlackClock "0:00:16"]

1. e4 c6 2. Nc3 d5 3. Qf3 dxe4 4. Nxe4 Nf6 5. Nxf6+ exf6 6. Bc4 Bd6 7. Ne2 O-O 8. d4 Nd7 9. Bd2 Re8 10. O-O-O Nf8 11. h4 Be6 12. Bxe6 Nxe6 13. h5 h6 14. Qg4 Kh7 15. Qf5+ Kh8 16. Rh4 Ng5 17. Nf4 Qc8 18. Qd3 Bxf4 19. Rxf4 Qe6 20. Kb1 Qe2 21. Be3 Qxh5 22. f3 Ne6 23. Re4 Nc7 24. Bf4 Nd5 25. Bg3 Qg6 26. Rde1 Red8 27. f4 f5 28. Re5 Nf6 29. Rxf5 Kh7 30. Bh4 Rd6 31. Bxf6 gxf6 32. g4 Kg7 33. Qe3 Rad8 34. c3 Re6 35. Qg1 Rxe1+ 36. Qxe1 Qxg4 37. Ra5 a6 38. a3 Qxf4 39. Qg1+ Kh7 40. Ka2 Rg8 41. Qe1 Rg5 42. Ra4 Qf5 43. Rb4 Qd5+ 44. c4 Qd7 45. c5 Kg7 46. Qc3 Qd5+ 47. Rb3 a5 48. a4 Rg4 49. Ka3 Rxd4 50. Rxb7 Rd3 51. Rb3 Rxc3 52. Rxc3 f5 0-1


[Site "https://www.chess.com"]

[Event "Late Titled Tuesday Blitz February 8 2022"]
[White "Chigaev, Maksim"]
[Black "Goltseva, Ekaterina"]
[WhiteFideId "4108116"]
[BlackFideId "24173770"]
[WhiteElo "2892"]
[BlackElo "2525"]
[Result "1-0"]
[Round "03"]
[TimeControl "180+1"]
[Date "2022.02.09"]
[WhiteClock "0:00:26"]
[BlackClock "0:00:03"]

1. e4 e5 2. Nf3 Nc6 3. Bb5 a6 4. Ba4 Nf6 5. Nc3 Bb4 6. O-O O-O 7. Bxc6 dxc6 8. d3 Nd7 9. Ne2 Bd6 10. Be3 Qe7 11. Kh1 Nc5 12. Nd2 f5 13. exf5 Bxf5 14. Ng3 Bg6 15. Qg4 Ne6 16. Rae1 Nf4 17. Qd1 Qf7 18. a3 Qd5 19. Nge4 Bh5 20. f3 Rae8 21. Bf2 b6 22. Bg3 c5 23. Nc4 b5 24. Ne3 Qf7 25. Qd2 h6 26. Qa5 Ra8 27. Qc3 Qe7 28. Bxf4 exf4 29. Nd5 Qf7 30. Nxd6 Qxd5 31. Re7 Rf6 32. Ne4 Rg6 33. Re5 Qf7 34. Rxh5 Rxg2 35. Kxg2 Qxh5 36. Qxc5 Qg6+ 37. Kh1 Re8 38. Rg1 Qf7 39. Qc6 Re5 40. Qf6 Qxf6 41. Nxf6+ Kf7 42. Ne4 c5 43. b4 c4 44. dxc4 bxc4 45. Rd1 Ke7 46. Kg2 a5 47. Rd4 axb4 48. axb4 g5 49. h3 1-0


[Site "https://www.chess.com"]

[Event "Late Titled Tuesday Blitz February 8 2022"]
[White "Clawitter, Craig"]
[Black "Buscar, Michael"]
[WhiteFideId "2023105"]
[BlackFideId "2603616"]
[WhiteElo "2191"]
[BlackElo "2010"]
[Result "0-1"]
[Round "03"]
[TimeControl "180+1"]
[Date "2022.02.09"]
[WhiteClock "0:00:05"]
[BlackClock "0:01:05"]

1. e4 c5 2. Nf3 e6 3. d4 cxd4 4. Nxd4 Nc6 5. Nc3 Qc7 6. Be3 a6 7. Qd2 d6 8. O-O-O Nf6 9. f3 Be7 10. g4 Ne5 11. g5 Nfd7 12. h4 b5 13. Qf2 Nc4 14. Bxc4 Qxc4 15. Kb1 Bb7 16. h5 Ne5 17. Rhg1 Qb4 18. Nb3 Rc8 19. Rd4 Rc4 20. a3 Rxd4 21. axb4 Rxb4 22. Bd4 O-O 23. Bxe5 dxe5 24. g6 Rc4 25. Qa7 Rc7 26. Na5 Bc5 27. Qxb7 Rxb7 28. gxh7+ Kxh7 29. Nxb7 Bxg1 30. Nd6 Kh6 0-1


[Site "https://www.chess.com"]

[Event "Late Titled Tuesday Blitz February 8 2022"]
[White "Costachi, Mihnea"]
[Black "Risteski, Emil"]
[WhiteFideId "1217518"]
[BlackFideId "15005267"]
[WhiteElo "2824"]
[BlackElo "2584"]
[Result "1-0"]
[Round "03"]
[TimeControl "180+1"]
[Date "2022.02.09"]
[WhiteClock "0:01:54"]
[BlackClock "0:01:27"]

1. e4 d6 2. d4 Nf6 3. Nc3 e5 4. Nf3 Nbd7 5. Bc4 Be7 6. O-O O-O 7. h3 c6 8. a4 a5 9. Re1 Nb6 10. Bb3 Nfd7 11. Be3 exd4 12. Nxd4 Nc5 13. Nf5 Bxf5 14. exf5 d5 15. f6 gxf6 16. Bh6 Kh8 17. Bxf8 Bxf8 18. Qh5 Kg8 19. Rad1 Bd6 20. Rd4 Kh8 21. Qxf7 Qf8 22. Qh5 Be5 23. Rh4 Qg7 24. Rg4 Qf8 25. Rxe5 1-0


[Site "https://www.chess.com"]

[Event "Late Titled Tuesday Blitz February 8 2022"]
[White "Daianu, Cristian-Clement"]
[Black "Proleiko, Julian"]
[WhiteFideId "1208926"]
[BlackFideId "30900255"]
[WhiteElo "2159"]
[BlackElo "2116"]
[Result "0-1"]
[Round "03"]
[TimeControl "180+1"]
[Date "2022.02.09"]
[WhiteClock "0:00:13"]
[BlackClock "0:00:50"]

1. e4 e5 2. Nf3 Nc6 3. Bc4 Nf6 4. O-O Nxe4 5. Nc3 Nd6 6. Bb3 Be7 7. Re1 O-O 8. Nxe5 Nxe5 9. Rxe5 Bf6 10. Re1 c6 11. d4 Nf5 12. d5 Nd4 13. Ne4 Nxb3 14. axb3 Be5 15. Bg5 f6 16. Bh4 Qb6 17. Bg3 Bxg3 18. hxg3 cxd5 19. Qxd5+ Qe6 20. Nc3 Qxd5 21. Nxd5 b6 22. Nxb6 Rb8 23. Nc4 d5 24. Ne3 d4 25. Nc4 Bf5 26. Rxa7 Bxc2 27. Ree7 Rfd8 28. Rxg7+ Kh8 29. Nd2 Bg6 30. f4 d3 31. g4 f5 32. gxf5 Bxf5 33. g4 Rg8 34. Rxg8+ Rxg8 35. g5 Re8 36. Rf7 Re1+ 37. Kf2 Re2+ 38. Kf3 Bg6 39. Rf6 Rxd2 40. f5 Bh5+ 41. Ke3 Rd1 42. Rd6 Re1+ 43. Kd2 Rd1+ 44. Kc3 Be2 45. f6 Kg8 46. Rd8+ Kf7 47. Rd7+ Ke6 48. Re7+ Kd6 49. Re8 Rc1+ 50. Kd2 Rc2+ 51. Ke1 Bh5 52. Rd8+ Ke5 53. Rxd3 Rxb2 54. Re3+ Kf4 55. Re7 Rxb3 56. Rxh7 Kxg5 57. f7 Rf3 58. Kd2 Bxf7 59. Rg7+ Bg6 60. Ke2 Rb3 61. Rd7 Kf4 62. Rd4+ Be4 63. Rd8 Rb2+ 64. Kd1 Ke3 65. Kc1 Rb1# 0-1


[Site "https://www.chess.com"]

[Event "Late Titled Tuesday Blitz February 8 2022"]
[White "Dauner, Benedikt"]
[Black "Gomez Ledo, Roberto Carlos"]
[WhiteFideId "16225899"]
[BlackFideId "3507076"]
[WhiteElo "2468"]
[BlackElo "2655"]
[Result "0-1"]
[Round "03"]
[TimeControl "180+1"]
[Date "2022.02.09"]
[WhiteClock "0:00:03"]
[BlackClock "0:00:14"]

1. e4 e5 2. Nf3 Nc6 3. Nc3 Nf6 4. d4 exd4 5. Nxd4 Bb4 6. Nxc6 bxc6 7. Bd3 d5 8. Bd2 O-O 9. O-O Be7 10. Qf3 Be6 11. h3 Re8 12. Rfe1 a5 13. e5 Nd7 14. Qg3 c5 15. Bh6 g6 16. Bb5 Rb8 17. a4 Rb6 18. Rad1 c6 19. Bf1 Rxb2 20. Qd3 c4 21. Qd2 Bb4 22. f4 Qb6+ 23. Kh1 d4 24. f5 Bxc3 25. fxe6 Bxd2 26. exf7+ Kxf7 27. Bxc4+ Re6 28. Rxd2 Rb1 29. Rf2+ Ke8 30. Bxe6 Rxe1+ 31. Kh2 Rxe5 32. Bf7+ Ke7 33. Bf4 Rf5 34. Bb3 d3 35. Rf3 Qd4 36. Re3+ Kd8 0-1


[Site "https://www.chess.com"]

[Event "Late Titled Tuesday Blitz February 8 2022"]
[White "Deac, Bogdan-Daniel"]
[Black "Jaracz, Pawel"]
[WhiteFideId "1226380"]
[BlackFideId "1102222"]
[WhiteElo "2646"]
[BlackElo "2429"]
[Result "1-0"]
[Round "03"]
[TimeControl "180+1"]
[Date "2022.02.08"]
[WhiteClock "0:00:11"]
[BlackClock "0:00:07"]

1. d4 Nf6 2. Nf3 e6 3. c4 Bb4+ 4. Bd2 a5 5. g3 d5 6. Bg2 O-O 7. Qc1 c5 8. cxd5 cxd4 9. a3 Bxd2+ 10. Qxd2 Qxd5 11. Qxd4 Nc6 12. Qxd5 Nxd5 13. O-O b6 14. Rc1 Bb7 15. Nbd2 Rfd8 16. Rc2 Rac8 17. Rac1 Nce7 18. Nc4 Ba6 19. Nfe5 f6 20. Nd3 Bxc4 21. Rxc4 Rxc4 22. Rxc4 Rc8 23. Rxc8+ Nxc8 24. e4 Nc7 25. e5 Kf7 26. f4 Ne7 27. Kf2 Ng6 28. Ke3 fxe5 29. fxe5 Ne7 30. Be4 h6 31. h4 g5 32. hxg5 hxg5 33. Nf2 Kg7 34. Ng4 Nf5+ 35. Kf2 Nd4 36. Nf6 Nf5 37. Kf3 Nh6 38. Nd7 b5 39. Bd3 b4 40. a4 Nf7 41. Ke4 Nh6 42. Nc5 Kf7 43. Nb7 Nf5 44. g4 Nh4 45. Nxa5 Nd5 46. Nc6 Nb6 47. a5 Na4 48. a6 1-0


[Site "https://www.chess.com"]

[Event "Late Titled Tuesday Blitz February 8 2022"]
[White "Degardin, Sylvain"]
[Black "Kostiukov, Alexandr"]
[WhiteFideId "20623070"]
[BlackFideId "14108100"]
[WhiteElo "2156"]
[BlackElo "2202"]
[Result "0-1"]
[Round "03"]
[TimeControl "180+1"]
[Date "2022.02.09"]
[WhiteClock "0:00:06"]
[BlackClock "0:00:08"]

1. e4 c5 2. Nf3 g6 3. h4 h5 4. Bc4 Bg7 5. c3 Nc6 6. d4 cxd4 7. cxd4 Nf6 8. e5 Ng4 9. Ng5 O-O 10. f3 Nh6 11. g4 d5 12. Be2 hxg4 13. fxg4 Qb6 14. Nc3 Qxd4 15. Nxd5 Qxd1+ 16. Bxd1 Bxg4 17. Bb3 Nxe5 18. Nxe7+ Kh8 19. O-O Rae8 20. Nd5 Nd3 21. Bd2 Bxb2 22. Rab1 Be2 23. Nf6 Bd4+ 24. Kh2 Bxf6 25. Rxf6 Ng4+ 26. Kg3 Nxf6 27. Bc3 Ne5 28. Re1 Nh5+ 29. Kf2 Kg8 30. Rxe2 Ng4+ 31. Kf3 Rxe2 32. Kxe2 Re8+ 33. Kf3 Re7 34. Kxg4 Kf8 35. Bb4 Ke8 36. Bxe7 Kxe7 37. Nxf7 Kf6 38. Ng5 Ng7 39. Nf3 Nf5 40. Kf4 Ne3 41. Kxe3 Kf5 42. Bc2+ Kf6 43. Ng5 a5 44. Kf4 b5 45. Bd3 b4 46. Bc2 Ke7 47. Bb3 Kd6 48. Ke4 Kc5 49. Kd3 Kb5 50. Kd4 a4 51. Bc4+ Kc6 52. Bd3 Kb6 53. Bxg6 b3 0-1


[Site "https://www.chess.com"]

[Event "Late Titled Tuesday Blitz February 8 2022"]
[White "Della Morte, German"]
[Black "Mekhitarian, Krikor Sevag"]
[WhiteFideId "113522"]
[BlackFideId "2107660"]
[WhiteElo "2363"]
[BlackElo "2598"]
[Result "0-1"]
[Round "03"]
[TimeControl "180+1"]
[Date "2022.02.08"]
[WhiteClock "0:00:02"]
[BlackClock "0:00:28"]

1. e4 c5 2. Nf3 g6 3. d4 cxd4 4. Nxd4 Nc6 5. Nc3 Bg7 6. Be3 Nf6 7. Bc4 O-O 8. Bb3 Re8 9. O-O d6 10. h3 Na5 11. Re1 a6 12. Bg5 b5 13. Nd5 Nxb3 14. axb3 Bb7 15. c4 h6 16. Bh4 Nxd5 17. exd5 Qb6 18. Nf3 g5 19. Bxg5 hxg5 20. Nxg5 Qd4 21. Re4 Qxd1+ 22. Rxd1 Bc8 23. Re2 Bd7 24. g4 a5 25. Ne4 Rec8 26. Nd2 a4 27. Rxe7 Be8 28. bxa4 bxa4 29. Rb1 Rcb8 30. Ne4 Rxb2 31. Re1 a3 32. Nxd6 Ba4 33. Rc7 a2 34. c5 Rb1 0-1


[Site "https://www.chess.com"]

[Event "Late Titled Tuesday Blitz February 8 2022"]
[White "Di Nicolantonio, Lucas"]
[Black "Song, Guannan Terry"]
[WhiteFideId "680460"]
[BlackFideId "2614189"]
[WhiteElo "2381"]
[BlackElo "2115"]
[Result "0-1"]
[Round "03"]
[TimeControl "180+1"]
[Date "2022.02.09"]
[WhiteClock "0:01:22"]
[BlackClock "0:01:38"]

1. c4 Nf6 2. Nf3 g6 3. Nc3 Bg7 4. e4 d6 5. d4 O-O 6. h3 c5 7. d5 b5 8. cxb5 a6 9. b6 Nbd7 10. a4 Qxb6 11. a5 Qa7 12. Bc4 Rb8 13. O-O Ne8 14. Qe2 Nc7 15. Bg5 Re8 16. Bf4 Rb4 17. e5 dxe5 18. Nxe5 Nxe5 19. Bxe5 Bxe5 20. Qxe5 Rxc4 21. Rad1 Rd4 22. Ne4 Bf5 23. Rxd4 cxd4 24. Rc1 Bxe4 25. Rxc7 Qb8 26. b4 Bxd5 27. b5 Qxb5 28. Qxd4 Qxa5 29. Rc5 Qe1+ 30. Kh2 e6 31. Rc7 Qe4 0-1


[Site "https://www.chess.com"]

[Event "Late Titled Tuesday Blitz February 8 2022"]
[White "Dias, Joao Batista"]
[Black "Bugayev, Vladimir"]
[WhiteFideId "2108240"]
[BlackFideId "30901480"]
[WhiteElo "1898"]
[BlackElo "2363"]
[Result "1-0"]
[Round "03"]
[TimeControl "180+1"]
[Date "2022.02.09"]
[WhiteClock "0:00:06"]
[BlackClock "0:00:06"]

1. e4 c6 2. Nf3 d5 3. exd5 cxd5 4. d4 Nc6 5. Bd3 Nf6 6. h3 g6 7. O-O Bf5 8. c3 Bxd3 9. Qxd3 Bg7 10. Bg5 O-O 11. Nbd2 a6 12. a4 Qc7 13. Bh4 Rfe8 14. Bg3 Qb6 15. Rab1 Rac8 16. Rfe1 Na5 17. Ne5 Nb3 18. Nxb3 Qxb3 19. a5 Ne4 20. Bf4 e6 21. f3 Nf6 22. Bg5 h6 23. Bh4 Nh7 24. Bf2 Bxe5 25. Rxe5 Qc4 26. Qxc4 Rxc4 27. Ra1 Rec8 28. Be3 Kg7 29. Bd2 Nf6 30. Ree1 Ne8 31. Ra3 Nd6 32. Rea1 g5 33. Be1 f5 34. h4 Kf6 35. hxg5+ hxg5 36. Kf2 f4 37. Ke2 R4c7 38. Rb3 Rh8 39. Rb6 Nc4 40. Rb4 Kf5 41. Bf2 Rh2 42. Rg1 Nxa5 43. Kf1 Nc4 44. g4+ fxg3 45. Bxg3 Ne3+ 46. Ke1 Nc2+ 47. Kd1 Nxb4 48. Bxh2 Rh7 49. Bd6 Nd3 50. b4 Rh3 51. Ke2 Nf4+ 52. Ke3 Ng6 53. Bc7 Nh4 54. Bg3 Ng6 55. Bd6 Nf4 56. Bxf4 gxf4+ 57. Ke2 Rh2+ 58. Kd3 Rf2 59. Rg7 Rxf3+ 60. Kd2 Ke4 61. Rxb7 Rf2+ 62. Ke1 Rc2 63. Re7 Rxc3 64. Rxe6+ Kxd4 65. Rxa6 Rc4 66. b5 Rb4 67. Rf6 Ke5 68. Rb6 d4 69. Ke2 Ke4 70. Re6+ Kd5 71. Rb6 1-0


[Site "https://www.chess.com"]

[Event "Late Titled Tuesday Blitz February 8 2022"]
[White "Dobre, Claudiu-Cristian"]
[Black "Seliverstov, Vladimir"]
[WhiteFideId "1211854"]
[BlackFideId "4192036"]
[WhiteElo "2207"]
[BlackElo "2489"]
[Result "0-1"]
[Round "03"]
[TimeControl "180+1"]
[Date "2022.02.08"]
[WhiteClock "0:00:02"]
[BlackClock "0:00:13"]

1. c4 b6 2. Nf3 Bb7 3. g3 e5 4. d3 Bxf3 5. exf3 Bb4+ 6. Nc3 Bxc3+ 7. bxc3 Nc6 8. Bg2 Nge7 9. f4 O-O 10. O-O d6 11. fxe5 dxe5 12. d4 Rb8 13. Ba3 Re8 14. Qa4 Na5 15. Rad1 exd4 16. cxd4 Nf5 17. c5 Qf6 18. d5 Nb7 19. Qxa7 bxc5 20. Bxc5 Nxc5 21. Qxc5 Qd6 22. Rc1 Re7 23. Bh3 Qxc5 24. Rxc5 Nd6 25. Rfc1 Rb7 26. a4 g6 27. a5 Ra7 28. Bf1 Kf8 29. a6 Ke8 30. Rb1 Kd7 31. Rb8 Re1 32. Kg2 Rd1 33. Be2 Rd2 34. Bg4+ f5 35. Bf3 Nc8 36. d6 Nxd6 37. Bc6+ Ke6 38. Bb7 Kd7 39. Re5 Nxb7 40. axb7 Rb2 41. Ree8 Rbxb7 42. Rxb7 Rxb7 43. Rh8 c5 44. Rxh7+ Kc6 45. Rh6 Rg7 46. Kf3 Kd5 47. Ke3 c4 48. Kd2 Kd4 49. Rh4+ Kd5 50. Kc3 Ra7 51. Rd4+ Ke5 52. Rxc4 Ra2 53. Rf4 g5 54. Rf3 Ra3+ 55. Kd2 Rxf3 56. Ke2 Ra3 57. h4 gxh4 0-1


[Site "https://www.chess.com"]

[Event "Late Titled Tuesday Blitz February 8 2022"]
[White "Domingo Nunez, Alejandro"]
[Black "Garagulya, Konstantin"]
[WhiteFideId "22245561"]
[BlackFideId "4128931"]
[WhiteElo "2215"]
[BlackElo "2329"]
[Result "1-0"]
[Round "03"]
[TimeControl "180+1"]
[Date "2022.02.09"]
[WhiteClock "0:00:08"]
[BlackClock "0:00:03"]

1. Nf3 Nf6 2. g3 b6 3. Bg2 Bb7 4. O-O c5 5. c4 e6 6. Nc3 d5 7. cxd5 Nxd5 8. d4 Nd7 9. Nxd5 Bxd5 10. Re1 cxd4 11. Qxd4 Qf6 12. Qa4 a6 13. e4 b5 14. Qc2 Bb7 15. Bg5 Qg6 16. Qc7 Nc5 17. Rad1 f6 18. Be3 Rc8 19. Qb6 Qf7 20. e5 Na4 21. Qa7 Nxb2 22. Rc1 Nc4 23. Ng5 fxg5 24. Bxb7 Qc7 25. Qxa6 Bb4 26. Qxb5+ Qd7 27. Qxb4 Rb8 28. Qxc4 Rxb7 29. Red1 Qe7 30. Bxg5 Kf7 31. Bxe7 1-0


[Site "https://www.chess.com"]

[Event "Late Titled Tuesday Blitz February 8 2022"]
[White "Dounis, Alexandros"]
[Black "Balint, Vilmos"]
[WhiteFideId "4213238"]
[BlackFideId "718050"]
[WhiteElo "2195"]
[BlackElo "2059"]
[Result "0-1"]
[Round "03"]
[TimeControl "180+1"]
[Date "2022.02.09"]
[WhiteClock "0:00:32"]
[BlackClock "0:01:38"]

1. Nf3 Nf6 2. g3 d5 3. Bg2 g6 4. O-O Bg7 5. d4 O-O 6. c4 c6 7. b3 Bg4 8. Ne5 Be6 9. Nc3 Nbd7 10. Nf3 dxc4 11. Ng5 Bd5 12. e4 Be6 13. Nxe6 fxe6 14. bxc4 e5 15. d5 c5 16. Be3 b6 17. a4 Ne8 18. a5 Nd6 19. axb6 axb6 20. Qb3 Qc7 21. Bh3 Nf6 22. f3 Nh5 23. Nb5 Nxb5 24. Qxb5 Rxa1 25. Rxa1 Rxf3 26. Ra8+ Bf8 27. Bh6 Ng7 28. Kg2 Rf6 29. Bg5 Qb7 30. Rc8 Rf7 31. Rc6 Qa7 32. Rxb6 Qa2+ 33. Qb2 Qxc4 34. Be6 Qf1# 0-1


[Site "https://www.chess.com"]

[Event "Late Titled Tuesday Blitz February 8 2022"]
[White "Einarsson, Halldor Gretar"]
[Black "Jacobson, Aaron"]
[WhiteFideId "2300150"]
[BlackFideId "2089912"]
[WhiteElo "2114"]
[BlackElo "2265"]
[Result "0-1"]
[Round "03"]
[TimeControl "180+1"]
[Date "2022.02.09"]
[WhiteClock "0:00:01"]
[BlackClock "0:00:16"]

1. d4 d5 2. Nf3 c5 3. g3 cxd4 4. Bg2 f6 5. Nxd4 e5 6. Nb3 Be6 7. O-O Nc6 8. Nc3 d4 9. Ne4 Bd5 10. c4 Bxc4 11. Qc2 Bd5 12. Bd2 Rc8 13. Rac1 f5 14. Nec5 Bxg2 15. Kxg2 Qd5+ 16. f3 Nd8 17. Qxf5 Rxc5 18. Nxc5 Bxc5 19. e4 dxe3 20. Bc3 Nf6 21. Rfd1 Qe6 22. Qxe5 Qxe5 23. Bxe5 Bb6 24. Rc8 O-O 25. Bd6 Re8 26. Re1 Ba5 27. Re2 Bd2 0-1


[Site "https://www.chess.com"]

[Event "Late Titled Tuesday Blitz February 8 2022"]
[White "Estrada Nieto, Julian"]
[Black "Ambartsumova, Karina"]
[WhiteFideId "5101018"]
[BlackFideId "4166299"]
[WhiteElo "2454"]
[BlackElo "2643"]
[Result "1-0"]
[Round "03"]
[TimeControl "180+1"]
[Date "2022.02.09"]
[WhiteClock "0:00:12"]
[BlackClock "0:00:04"]

1. e4 c5 2. Nf3 e6 3. c3 d5 4. exd5 exd5 5. d4 Nc6 6. Bb5 Bd6 7. dxc5 Bxc5 8. O-O Ne7 9. Nbd2 O-O 10. Nb3 Bb6 11. Re1 Qd6 12. Be3 Bxe3 13. Rxe3 Nf5 14. Rd3 Be6 15. c4 Nb4 16. Rd2 a6 17. cxd5 Bxd5 18. Bc4 Bxf3 19. Rxd6 Bxd1 20. Rdxd1 Rac8 21. Bf1 Rfd8 22. a3 Nc6 23. Nc5 Rc7 24. b4 Kf8 25. Rxd8+ Nxd8 26. Rd1 Nc6 27. Bd3 Nfd4 28. f3 h6 29. Kf2 Re7 30. Be4 g5 31. Nxb7 f5 32. Bxc6 Nxc6 33. Rd6 Ne5 34. Nc5 a5 35. bxa5 Nc4 36. Rxh6 Nxa5 37. Ne6+ Kg8 38. Nxg5 Nc4 39. Rg6+ Kf8 40. Rf6+ Kg7 41. Rxf5 Nxa3 42. h4 Nc4 43. Rc5 Nd6 44. Rc6 Ne8 45. h5 Nf6 46. h6+ Kg6 47. h7 Re8 48. f4 Kg7 49. Rc7+ Kg6 50. Kf3 Nd5 51. Rc6+ Kh5 52. Rc5 Nf6 53. Ne4+ Kg6 54. Nxf6 Kxf6 55. Rh5 Kg7 56. h8=Q+ 1-0


[Site "https://www.chess.com"]

[Event "Late Titled Tuesday Blitz February 8 2022"]
[White "Ezat, Mohamed"]
[Black "Demchenko, Anton"]
[WhiteFideId "10600906"]
[BlackFideId "4160258"]
[WhiteElo "2386"]
[BlackElo "2539"]
[Result "0-1"]
[Round "03"]
[TimeControl "180+1"]
[Date "2022.02.08"]
[WhiteClock "0:00:52"]
[BlackClock "0:00:52"]

1. d4 Nf6 2. c4 d6 3. Nc3 e5 4. Nf3 Nc6 5. d5 Ne7 6. c5 Ng6 7. Qa4+ Bd7 8. Qb3 Rb8 9. Bg5 dxc5 10. e4 Bd6 11. h4 h6 12. Bd2 a6 13. h5 Ne7 14. a4 O-O 15. a5 Re8 16. Qc2 Nc8 17. Qc1 Na7 18. Na4 Nxe4 19. Be3 Nb5 20. Nxc5 Nxc5 21. Bxc5 Nd4 22. Nd2 Bf5 23. Ra4 Nc2+ 24. Kd1 Bxc5 25. g4 Bh7 26. Ne4 Qxd5+ 27. Qd2 Qxd2+ 28. Kxd2 Bxe4 29. Rxe4 Nd4 30. Bc4 Kf8 31. Kc1 f6 32. Rhe1 Rbd8 33. Kb1 Nf3 34. Rc1 Nd2+ 0-1


[Site "https://www.chess.com"]

[Event "Late Titled Tuesday Blitz February 8 2022"]
[White "Fier, Alexandr"]
[Black "Bortnyk, Olexandr"]
[WhiteFideId "2107139"]
[BlackFideId "14120828"]
[WhiteElo "2569"]
[BlackElo "2723"]
[Result "0-1"]
[Round "03"]
[TimeControl "180+1"]
[Date "2022.02.08"]
[WhiteClock "0:01:30"]
[BlackClock "0:00:44"]

1. d4 d6 2. Bg5 c6 3. Nd2 Nd7 4. e4 Qc7 5. Ngf3 e5 6. dxe5 dxe5 7. Bc4 Bc5 8. O-O Ngf6 9. a4 O-O 10. Qe2 a5 11. c3 h6 12. Bh4 Nh5 13. Bg3 Nxg3 14. hxg3 Nf6 15. Ne1 Bg4 16. Ndf3 Rad8 17. Nd3 Bd6 18. Qe3 Rfe8 19. Bb3 b5 20. axb5 cxb5 21. Rfc1 a4 22. Ba2 Qc6 23. Nd2 Bf8 24. f3 Be6 25. Bxe6 Rxe6 26. Kh2 Qd6 27. Nxe5 Qxd2 0-1


[Site "https://www.chess.com"]